Map: [ESL] Goldenaura

Players

DisK

  • Race: Protoss Protoss
  • Spawn Location: 12:00

Kelazhur - Winner!

  • Race: Terran Terran
  • Spawn Location: 5:00

Event: ESL SC2 Masters 2023 Winter (Regional)

VOD

Have the link to the VOD?

Description

Time

  • Played on: Nov. 3, 2023, 1:12 p.m.
  • Length: 9:42

All games in this series

Show
View Real Time Build Order
Export as new Build Order

DisK Protoss 

Build Orders: 1 Gate Expand, Double Forge, Blink Stalkers 

Get SALT Encoding   

  12  0:00  Probe  
  13  0:12  Probe  
  14  0:16  Pylon  
  14  0:24  Probe (Chrono Boost)  
  15  0:34  Gateway  
  15  0:36  Probe (Chrono Boost)  
  16  0:45  Probe (Chrono Boost)  
  16  0:47  Assimilator  
  17  0:50  Probe  
  18  1:03  Probe  
  19  1:15  Probe  
  20  1:21  Cybernetics Core  
  20  1:33  Nexus  
  20  1:36  Probe  
  21  1:44  Pylon  
  21  1:48  Assimilator  
  21  1:51  Probe  
  22  1:59  Adept (Chrono Boost)  
  22  2:00  Warp Gate  
  22  2:04  Probe  
  25  2:17  Probe  
  25  2:22  Twilight Council  
  26  2:29  Probe (Chrono Boost)  
  27  2:32  Stalker  
  29  2:40  Probe (Chrono Boost)  
  30  2:47  Probe (Chrono Boost)  
  30  2:48  Probe (Chrono Boost)  
  32  2:55  Blink (Chrono Boost)  
  34  2:59  Probe (Chrono Boost)  
  34  3:00  Gateway, Probe (Chrono Boost)  
  34  3:03  Probe (Chrono Boost)  
  35  3:10  Probe  
  36  3:15  Probe  
  37  3:22  Robotics Facility, Probe  
  38  3:27  Probe  
  38  3:30  Pylon  
  37  3:44  Probe  
  37  3:48  Probe  
  39  3:49  Stalker  
  39  3:54  Stalker  
  43  3:57  Probe  
  43  4:00  Probe  
  43  4:02  Nexus  
  45  4:07  Pylon  
  45  4:10  Observer  
  45  4:11  Probe  
  45  4:12  Probe  
  45  4:16  Stalker  
  50  4:20  Stalker  
  50  4:23  Probe  
  53  4:25  Probe  
  53  4:26  Assimilator  
  54  4:37  Pylon  
  55  4:38  Observer  
  55  4:40  Probe x2  
  57  4:53  Probe x2  
  57  4:55  Forge x2  
  57  4:57  Forge  
  57  5:06  Probe (Chrono Boost)  
  59  5:08  Gateway  
  59  5:09  Gateway, Probe (Chrono Boost)  
  59  5:17  Probe (Chrono Boost)  
  59  5:21  Probe (Chrono Boost)  
  61  5:22  Probe (Chrono Boost)  
  61  5:23  Stalker x2  
  53  5:47  Stalker x2  
  52  5:52  Probe  
  52  5:53  Immortal  
  57  6:01  Protoss Ground Armor Level 1 (Chrono Boost), Protoss Ground Weapons Level 1 (Chrono Boost)  
  57  6:03  Stalker x2  
  57  6:04  Probe (Chrono Boost)  
  63  6:05  Probe (Chrono Boost)  
  63  6:10  Protoss Shields Level 1 (Chrono Boost)  
  62  6:14  Probe (Chrono Boost)  
  62  6:16  Probe (Chrono Boost)  
  64  6:19  Pylon  
  64  6:21  Probe (Chrono Boost)  
  64  6:23  Stalker x2, Probe (Chrono Boost)  
  64  6:24  Probe (Chrono Boost)  
  70  6:28  Observer, Probe  
  70  6:29  Pylon  
  70  6:30  Probe  
  70  6:31  Charge (Chrono Boost)  
  72  6:34  Probe  
  72  6:39  Gateway  
  73  6:40  Probe  
  73  6:41  Gateway  
  73  6:44  Probe  
  74  6:48  Gateway  
  74  6:50  Gateway  
  74  6:51  Sentry, Zealot  
  74  6:53  Probe x2  
  80  6:55  Assimilator  
  80  6:58  Assimilator  
  80  7:03  Pylon  
  80  7:04  Zealot x2  
  84  7:12  Gateway x2  
  84  7:22  Templar Archives  
  83  7:27  Zealot  
  83  7:28  Zealot x3  
  91  7:31  Warp Prism  
  91  7:42  Zealot x3  
  87  7:49  Zealot x4  
  95  7:53  Shield Battery  
  95  7:57  Zealot  
  97  8:04  Zealot x3  
  103  8:10  Zealot x3  
  109  8:13  Pylon  
  103  8:25  Pylon, Stalker x3  
  103  8:26  Pylon  
  107  8:28  Stalker  
  103  8:38  Zealot x4  
  103  8:40  Sentry  
  99  8:43  Sentry  
  93  8:52  Zealot x4  
  91  9:02  Zealot x4  
  95  9:05  Zealot x5  
  81  9:12  Zealot x4  
  81  9:16  Zealot  
  64  9:25  Zealot x3  
  64  9:26  Zealot  
  51  9:34  Zealot x2  
Show
View Real Time Build Order
Export as new Build Order

Kelazhur Terran - Winner!

Build Orders:  

Get SALT Encoding   

  12  0:00  SCV  
  13  0:12  SCV  
  14  0:16  Supply Depot  
  14  0:24  SCV  
  15  0:38  Barracks, SCV  
  16  0:43  Refinery  
  16  0:50  SCV  
  17  1:02  SCV  
  18  1:14  SCV  
  20  1:25  Reaper  
  20  1:26  Orbital Command  
  20  1:43  Command Center  
  20  1:48  Supply Depot  
  20  1:52  SCV  
  21  1:57  Marine  
  22  2:05  Factory  
  22  2:08  SCV  
  23  2:15  Marine  
  24  2:16  Bunker  
  24  2:20  SCV  
  25  2:32  SCV  
  25  2:34  Refinery  
  26  2:40  Barracks Reactor  
  27  2:44  SCV  
  27  2:50  Hellion  
  29  2:55  Orbital Command  
  29  2:56  SCV  
  29  2:58  Starport  
  30  3:08  SCV  
  30  3:11  Factory Tech Lab  
  31  3:16  Marine  
  31  3:17  Marine  
  33  3:20  SCV  
  33  3:23  SCV  
  35  3:28  Supply Depot  
  35  3:32  SCV  
  36  3:34  Marine x2  
  36  3:35  SCV  
  38  3:42  Siege Tank  
  38  3:44  SCV  
  38  3:45  Medivac  
  38  3:47  SCV  
  45  3:52  Marine x2  
  45  3:57  SCV  
  45  3:59  Supply Depot, SCV  
  47  4:09  SCV  
  48  4:10  Marine x2  
  48  4:11  SCV  
  48  4:14  Siege Tank  
  48  4:15  Supply Depot  
  54  4:21  SCV  
  54  4:23  SCV  
  56  4:24  Barracks, Supply Depot  
  56  4:29  Marine x2  
  58  4:31  Liberator  
  58  4:33  SCV  
  58  4:36  SCV  
  63  4:39  Supply Depot  
  63  4:45  SCV  
  64  4:48  SCV  
  63  4:53  Siege Tank  
  63  4:54  Barracks  
  63  4:57  SCV  
  67  5:00  SCV, Marine x2  
  67  5:03  Supply Depot  
  70  5:07  Refinery x2  
  70  5:09  SCV  
  70  5:12  Barracks Tech Lab, SCV, Engineering Bay  
  72  5:19  Marine x2  
  71  5:21  SCV  
  71  5:25  Siege Tank, SCV  
  76  5:33  SCV  
  70  5:37  SCV  
  70  5:38  Marine x2  
  72  5:43  Stimpack, Marauder  
  72  5:45  Barracks Tech Lab  
  72  5:46  SCV  
  72  5:49  SCV  
  73  5:57  Barracks  
  73  5:58  Barracks, SCV  
  73  6:00  Marine x2  
  73  6:03  Command Center  
  75  6:04  SCV  
  75  6:09  Marauder  
  75  6:10  Combat Shield, Marauder  
  75  6:12  Starport Reactor  
  75  6:13  SCV  
  75  6:17  SCV  
  76  6:18  Supply Depot  
  76  6:22  Marine x2  
  76  6:25  SCV  
  79  6:28  Supply Depot  
  79  6:32  Factory Reactor  
  79  6:33  Marauder x2  
  79  6:34  SCV  
  79  6:37  SCV  
  85  6:41  Marine  
  85  6:42  Marine  
  85  6:44  Terran Infantry Weapons Level 1, Supply Depot  
  85  6:46  SCV  
  88  6:47  Barracks Reactor  
  88  6:49  Medivac x2  
  88  6:50  SCV  
  88  6:53  Supply Depot  
  93  6:54  Marauder x2  
  93  6:57  Marauder  
  93  6:58  Concussive Shells  
  93  6:59  Supply Depot  
  93  7:00  SCV  
  100  7:02  Marine x2  
  100  7:03  SCV  
  103  7:12  SCV  
  106  7:16  Marauder  
  106  7:18  Widow Mine x2  
  106  7:19  Medivac  
  106  7:22  SCV  
  113  7:27  Marauder  
  113  7:29  Medivac  
  114  7:31  Marauder, Marine x4  
  114  7:35  SCV  
  121  7:38  Marauder  
  121  7:43  SCV  
  124  7:45  Orbital Command  
  124  7:46  Widow Mine x2  
  124  7:49  Medivac, Marauder  
  132  7:51  Marine  
  132  7:52  Marine x3  
  132  7:57  Armory  
  136  8:00  Marauder  
  136  8:01  Engineering Bay  
  136  8:04  Marauder  
  140  8:09  Marine  
  140  8:10  Marauder, Marine x2  
  140  8:11  Widow Mine  
  140  8:12  Widow Mine  
  149  8:18  Marine  
  142  8:21  Marauder  
  142  8:24  Supply Depot  
  142  8:26  Marauder  
  146  8:27  Marine  
  146  8:28  Supply Depot, Marine  
  146  8:30  Marine  
  146  8:34  Widow Mine, Marauder  
  149  8:36  Marine  
  149  8:38  Widow Mine  
  143  8:43  Marauder  
  143  8:47  Marauder  
  144  8:51  Marine  
  144  8:53  Liberator  
  144  8:55  Widow Mine, Marauder, Refinery x2  
  150  9:00  Marine x2  
  150  9:01  Marine  
  150  9:02  SCV  
  149  9:04  Marauder  
  149  9:05  Command Center  
  149  9:09  Marine, Marauder  
  148  9:13  Widow Mine  
  148  9:16  Marine  
  139  9:18  Marine x3, Widow Mine  
  139  9:24  Barracks x2  
Tags
 
Add a new tag
Caveats
  • Supply blocks, unpowered buildings, or Contaminate may cause inaccurate times.
  • Supply counts are checked every 10 seconds.